 Dungeon Crawl Stone Soup version 0.32-a0-672-gff75c0d (webtiles) character file.

Game seed: 10851509993404532957

20 Dorkslayer the Shield-Bearer (level 2, -1/21 HPs)
             Began as an Octopode Fighter on Mar 10, 2024.
             Slain by a kobold
             ... wielding a +0 quarterstaff
              (4 damage)
             ... on level 1 of the Dungeon.
             The game lasted 00:00:40 (252 turns).

Dorkslayer the Shield-Bearer (Octopode Fighter)      Turns: 252, Time: 00:00:41

Health: -1/21      AC:  1    Str: 15    XL:     2   Next: 79%
Magic:  2/2        EV: 13    Int: 10    God:
Gold:   21         SH:  4    Dex: 11    Spells: 1/1 levels left

rFire   . .          .
                       - Unarmed
rCold   . . .        a - +0 buckler
rNeg    . . .        (helmet restricted)
rPois   .            (no amulet)
rElec   .            (no ring)
rCorr   .            (no ring)
SInv    .            (no ring)
Will    .....        (no ring)
Stlth   ++           (no ring)
HPRegen 0.23/turn    (no ring)
MPRegen 0.08/turn    (no ring)
                     (no ring)

%: no passive effects
@: no status effects
A: almost no armour, amphibious, 8 rings, camouflage 1, gelatinous body 1,
(nimble swimmer 1), tentacles
a: no special abilities


You were on level 1 of the Dungeon.
You visited 1 branch of the dungeon, and saw 1 of its levels.

You collected 21 gold pieces.

Inventory:

Armour
 a - a +0 buckler (worn)
Scrolls
 c - a scroll of enchant armour {unknown}
 d - a scroll of teleportation {unknown}
Potions
 b - a potion of might


   Skills:
 + Level 3.2 Fighting
 + Level 3.1 Dodging
 + Level 3.2 Shields
 * Level 2.4 Unarmed Combat


You had one spell level left.
You didn't know any spells.
Your spell library was empty.

Dungeon Overview and Level Annotations

Branches:
Dungeon (1/15)

Altars:


Innate Abilities, Weirdness & Mutations

You cannot wear most types of armour.
You are amphibious.
You can wear up to eight rings at the same time.
Your skin changes colour to match your surroundings (Stealth+).
Your rubbery body absorbs attacks. (AC +1, EV +1)
((You are camouflaged when in or above water. (Stealth+)))
You have tentacles for arms and can constrict up to eight enemies at once.


Message History

You tentacle-slap the hobgoblin. You grab the hobgoblin.
You squeeze the hobgoblin.
You kill the hobgoblin!
You see here a hobgoblin corpse.
You see here a +0 whip.
You open the door.
A hobgoblin comes into view.
There is an open door here.
The hobgoblin shouts!
You tentacle-slap the hobgoblin. Your grab misses the hobgoblin.
The hobgoblin is lightly wounded.
The hobgoblin barely misses you.
A giant cockroach comes into view.
You tentacle-slap the hobgoblin but do no damage.
You grab the hobgoblin.
The hobgoblin is lightly wounded.
You constrict the hobgoblin. The hobgoblin hits you.
You tentacle-slap the hobgoblin.
You kill the hobgoblin!
A goblin comes into view. It is wielding a +0 dagger.
You tentacle-slap the giant cockroach but do no damage.
You grab the giant cockroach. You constrict the giant cockroach.
The giant cockroach bites you.
The giant cockroach bites you but does no damage.
You tentacle-slap the giant cockroach.
You kill the giant cockroach!
You closely miss the goblin. You grab the goblin. You squeeze the goblin.
You kill the goblin!
You see here a +0 dagger.
Found a Trismegistus Codex and a short sword.
A kobold comes into view. It is wielding a +0 quarterstaff.
The kobold shouts!
The kobold hits you with a +0 quarterstaff!
You tentacle-slap the kobold but do no damage.
Your grab misses the kobold.
Your tentacle-slap misses the kobold.
The kobold hits you with a +0 quarterstaff!
* * * LOW HITPOINT WARNING * * *
You closely miss the kobold. Your grab misses the kobold.
The kobold hits you with a +0 quarterstaff.
You die...

#..†....... ..)........
........... .......(...
........... ...........
...........#############
.......#####ß.....)...ß#
############....@K.....#
...........#...###.#...#
#########.##...# # +
#.##)†ß# #.##...#
#.##...#####
#..'.....ß..
####ß....... #########


You could see a kobold.

Vanquished Creatures
  3 dart slugs (D:1)
  2 giant cockroaches (D:1)
  A goblin (D:1)
  3 hobgoblins (D:1)
  A ball python (D:1)
  A bat (D:1)
  2 kobolds (D:1)
  A rat (D:1)
14 creatures vanquished.

Notes
Turn   | Place    | Note
-------+----------+-------------------------------------------
     0 | D:1      | Dorkslayer the Octopode Fighter began the quest for the
                  | Orb.
     0 | D:1      | Reached XP level 1. HP: 16/16 MP: 1/1
   128 | D:1      | Reached XP level 2. HP: 21/21 MP: 2/2
   252 | D:1      | Slain by a kobold

Illustrated notes

Levels and vault maps discovered:
D:1:      dpeg_arrival_lava_temple_mockup, layout_basic,
          nicolae_nh_oracle_at_delphi

Action                     || total
---------------------------++-------
  Melee: Unarmed           ||    25
         Constrict         ||    11
         Tentacles         ||     7
         Punch             ||     1
   Stab: Sleeping          ||     2
 Armour: Skin              ||     9
  Dodge: Dodged            ||     5
  Block: Buckler           ||     3

Table legend: (Time is in decaauts)
 A = Elapsed time spent in this place.
 B = Non-inter-level travel time spent in this place.
 C = Inter-level travel time spent in this place.
 D = Time resting spent in this place.
 E = Time spent auto-exploring this place.
 F = Levels seen in this place.
 G = Mean time per level.
                   A        B        C        D        E       F      G
               +--------+--------+--------+--------+--------+-----+--------+
         Total |    251 |    251 |      0 |      0 |    148 |   1 |  251.0 |
       Dungeon |    251 |    251 |      0 |      0 |    148 |   1 |  251.0 |
               +--------+--------+--------+--------+--------+-----+--------+

Top non-repeatable levels by time:
     D:1: 251 daAuts
